 Dungeon Sprint DCSS version 0.26-a0-660-gc07710193c (webtiles) character file.

Game seed: 288581187279398854

380 rocky1 the Insei (level 6, -5/44 HPs)
             Began as an Octopode Transmuter on Oct 8, 2020.
             Was the Champion of Cheibriados.
             Slain by a phantasmal warrior (18 damage)
             ... in the Dungeon (Sprint VII: "The Pits").
             The game lasted 00:04:48 (1189 turns).

rocky1 the Insei (Octopode Transmuter)              Turns: 1189, Time: 00:04:48

Health: -5/44      AC:  1    Str: 25    XL:     6   Next: 75%
Magic:  13/14      EV: 19    Int: 32    God:    Cheibriados [******]
Gold:   0          SH:  0    Dex: 27    Spells: 1/16 levels left

rFire    . . .     SeeInvis .     - Unarmed
rCold    . . .     Faith    .   (no shield)
rNeg     . . .     Spirit   .   (helmet currently unavailable)
rPois    .         Reflect  .   (no amulet)
rElec    .         Harm     .   (no ring)
rCorr    .         Rampage  .   (no ring)
MR       .....     NoTele   +   (no ring)
Stlth    +++.......             (no ring)
HPRegen  0.14/turn              (no ring)
MPRegen  0.14/turn              (no ring)
                                (no ring)
                                (no ring)

@: appendages, vulnerable, wereblooded, very slow
A: almost no armour, stealthy swim, amphibious, 8 rings, constrict 8, tentacle
spike 3, camouflage 1, gelatinous body 1
a: End Transformation, Bend Time, Temporal Distortion, Slouch, Step From Time,
Renounce Religion


You were in the Dungeon.
You worshipped Cheibriados.
Cheibriados was exalted by your worship.
One of your tentacles had a temporary spike.
You visited 1 branch

Inventory:

Scrolls
 g - a scroll of blinking
 h - 3 scrolls of remove curse
 i - 5 scrolls of amnesia
 j - a scroll of summoning
Potions
 a - 2 potions of invisibility
 b - 5 potions of curing
 c - 3 potions of heal wounds
 d - a potion of haste
 e - 4 potions of magic
 f - 3 potions of berserk rage


   Skills:
 - Level 4.7 Fighting
 + Level 6.2 Dodging
 - Level 6.5 Unarmed Combat
 + Level 5.6 Spellcasting
 + Level 6.2 Transmutations
 + Level 6.1 Invocations


You had one spell level left.
You knew the following spells:

 Your Spells              Type           Power        Failure   Level
a - Beastly Appendage     Tmut           #####.       1%          1
b - Wereblood             Tmut           #####...     1%          2
c - Spider Form           Tmut/Pois      ####......   4%          3
d - Ice Form              Ice/Tmut       ####....     13%         4
e - Blade Hands           Tmut           #####.....   10%         5

Your spell library contained the following spells:

 Spells                   Type           Power        Failure   Level


Dungeon Overview and Level Annotations

Branches:
Dungeon (1/1)

Altars:
Ashenzari
Cheibriados
Dithmenos
Elyvilon
Fedhas
Gozag
Hepliaklqana
Kikubaaqudgha
Makhleb
Nemelex Xobeh
Okawaru
Qazlal
Ru
Sif Muna
Trog
Uskayaw
Vehumet
Wu Jian
Xom
Yredelemnul
Zin
The Shining One
Beogh
Jiyva
Lugonu


Innate Abilities, Weirdness & Mutations

You cannot wear most types of armour.
You are very stealthy in the water. (Stealth+)
You are amphibious.
You can wear up to eight rings at the same time.
You can use your tentacles to constrict eight enemies at once.
Your skin changes colour to match your surroundings (Stealth+).
Your rubbery body absorbs attacks. (AC +1, EV +1)
One of your tentacles bears a large vicious spike.


Message History

You barely miss the phantasmal warrior.
You pierce the phantasmal warrior.
You squeeze the phantasmal warrior, but do no damage.
The phantasmal warrior is moderately damaged.
The phantasmal warrior barely misses you.
You tentacle-slap the phantasmal warrior but do no damage.
You pierce the phantasmal warrior, but do no damage.
The phantasmal warrior is moderately damaged.
The phantasmal warrior hits you.
* * * LOW HITPOINT WARNING * * *
Unknown command.
You tentacle-slap the phantasmal warrior but do no damage.
You pierce the phantasmal warrior, but do no damage.
Your tentacle-slap misses the phantasmal warrior.
Your squeeze misses the phantasmal warrior.
The phantasmal warrior is moderately damaged.
You tentacle-slap the phantasmal warrior.
You pierce the phantasmal warrior.
The phantasmal warrior is moderately damaged.
The phantasmal warrior hits you!!
You die...

#.#####'#####...<...#
#(#...)))[.##.......#
#)#...)))[.##.......#
#)###########.......#
#).#.#.##..##########
#.......#)######
##.#.#.##.#....#
#.......#'#....#
##.#.#.##@Wc...+
#.......#'#r...#
##.#.#..'.#....#
###############


You could see a phantasmal warrior, a centaur and a river rat.

Vanquished Creatures
  A flying skull (D)
  A centaur (D)
  A quasit (D)
  An orc wizard (D)
  An iron imp (D)
  A mummy (D)
  A gnoll (D)
  An ufetubus (D)
  An adder skeleton (D)
  4 orcs (D)
  A bat skeleton (D)
  2 giant cockroaches (D)
  2 jackals (D)
  A ball python (D)
  A bat (D)
  A frilled lizard (D)
  2 kobolds (D)
  4 rats (D)
27 creatures vanquished.

Notes
Turn   | Place    | Note
-------+----------+-------------------------------------------
     0 | D        | rocky1 the Octopode Transmuter began the quest for the Orb.
     0 | D        | Reached XP level 1. HP: 13/13 MP: 3/3
    52 | D        | Found a bloodstained altar of Trog.
    52 | D        | Found a shimmering blue altar of Sif Muna.
    52 | D        | Found a viscous altar of Jiyva.
    52 | D        | Found a hazy altar of Hepliaklqana.
    52 | D        | Found an opulent altar of Gozag.
    53 | D        | Found a glowing golden altar of the Shining One.
    53 | D        | Found a glowing silver altar of Zin.
    53 | D        | Found a basalt altar of Yredelemnul.
    53 | D        | Found a shimmering altar of Xom.
    53 | D        | Found an ornate altar of the Wu Jian Council.
    53 | D        | Found a sacrificial altar of Ru.
    53 | D        | Found a stormy altar of Qazlal.
    53 | D        | Found an iron altar of Okawaru.
    53 | D        | Found a sparkling altar of Nemelex Xobeh.
    53 | D        | Found a burning altar of Makhleb.
    53 | D        | Found a blossoming altar of Fedhas.
    53 | D        | Found a white marble altar of Elyvilon.
    53 | D        | Found a shadowy altar of Dithmenos.
    53 | D        | Found a snail-covered altar of Cheibriados.
    56 | D        | Found a corrupted altar of Lugonu.
    56 | D        | Found a radiant altar of Vehumet.
    56 | D        | Found a roughly hewn altar of Beogh.
    57 | D        | Found an ancient bone altar of Kikubaaqudgha.
    57 | D        | Found a hide-covered altar of Uskayaw.
    57 | D        | Found a broken altar of Ashenzari.
    64 | D        | Became a worshipper of Cheibriados the Contemplative
   119 | D        | Reached * piety under Cheibriados
   395 | D        | Reached ** piety under Cheibriados
   402 | D        | Reached skill level 1 in Invocations
   402 | D        | Reached XP level 2. HP: 17/19 MP: 3/5
   404 | D        | Reached *** piety under Cheibriados
   645 | D        | Reached XP level 3. HP: 3/25 MP: 4/7
   922 | D        | Noticed a centaur
   931 | D        | Reached **** piety under Cheibriados
   931 | D        | Reached XP level 4. HP: 23/31 MP: 7/9
   935 | D        | Reached ***** piety under Cheibriados
   945 | D        | Killed a centaur
   945 | D        | Reached skill level 5 in Unarmed Combat
   945 | D        | Reached XP level 5. HP: 28/37 MP: 9/11
   955 | D        | Reached ****** piety under Cheibriados
  1057 | D        | Reached skill level 5 in Dodging
  1057 | D        | Reached skill level 5 in Transmutations
  1066 | D        | Learned a level 2 spell: Wereblood
  1070 | D        | Learned a level 3 spell: Spider Form
  1075 | D        | Learned a level 4 spell: Ice Form
  1076 | D        | Noticed a flying skull
  1082 | D        | Killed a flying skull
  1082 | D        | Reached skill level 5 in Spellcasting
  1082 | D        | Reached XP level 6. HP: 31/44 MP: 11/14
  1175 | D        | Learned a level 5 spell: Blade Hands
  1179 | D        | Noticed a phantasmal warrior
  1189 | D        | Slain by a phantasmal warrior

Illustrated notes

Levels and vault maps discovered:
D:        pitsprint [storerooms_1, entrance_room_1, metal_vault_1, armoury_2,
          mini_pit_1, grid_room_1, main_hall_1, silver_pit, the_coven_3,
          the_vestibule_1, steel_vault_5, golden_pit, hallway_of_sentries,
          crystal_vault_1, iron_vault_1, final_vault]

Skill      XL: |  1  2  3  4  5 |
---------------+----------------+-----
Invocations    | 1 2 4 6 |  6.1
Fighting       | 2 3 4 |  4.7
Dodging        | 3 4 6 |  6.2
Spellcasting   | 3 4 5 |  5.6
Transmutations | 3 4 6 |  6.2
Unarmed Combat | 4 5 6 |  6.5

Action                   |  1- 3 |  4- 6 || total
-------------------------+-------+-------++-------
Melee: Unarmed           |    33 |    35 ||    68
       Constrict         |     7 |     9 ||    16
       Tentacles         |     6 |    12 ||    18
       Kick              |     9 |    25 ||    34
       Punch             |     1 |     3 ||     4
 Cast: Beastly Appendage |     3 |     3 ||     6
       Wereblood         |       |     1 ||     1
  Use: Potion            |       |     4 ||     4
 Stab: Sleeping          |     2 |     2 ||     4
       Distracted        |     1 |       ||     1
Armor: Skin              |     1 |     1 ||     2
Dodge: Dodged            |    20 |    24 ||    44

Table legend: (Time is in decaauts)
 A = Elapsed time spent in this place.
 B = Non-inter-level travel time spent in this place.
 C = Inter-level travel time spent in this place.
 D = Time resting spent in this place.
 E = Time spent auto-exploring this place.
 F = Levels seen in this place.
 G = Mean time per level.
                   A        B        C        D        E       F      G
               +--------+--------+--------+--------+--------+-----+--------+
         Total |   1281 |   1281 |      0 |    885 |      0 |   1 | 1281.0 |
       Dungeon |   1281 |   1281 |      0 |    885 |      0 |   1 | 1281.0 |
               +--------+--------+--------+--------+--------+-----+--------+

Top non-repeatable levels by time:
       D: 1281 daAuts
